 Dungeon Crawl Stone Soup version 0.29-a0-885-gb26ba3297d (webtiles) character file.

Game seed: 7872019633475777751

4130 Spectrina the Thaumaturge (level 10, -2/67 HPs)
             Began as a Djinni Arcane Marksman on July 19, 2022.
             Was a Believer of Makhleb.
             Slain by a warg (11 damage)
             ... on level 9 of the Dungeon on July 20, 2022.
             The game lasted 00:49:46 (3200 turns).

Spectrina the Thaumaturge (Djinni Arcane Marksman)  Turns: 3200, Time: 00:49:47

Health: -2/67      AC: 12    Str:  9    XL:     10   Next: 51%
Gold:   281        EV: 10    Int: 19    God:    Makhleb [**....] SH:  0 Dex: 14

rFire   + + +      SeeInvis .   e - staff of fire
rCold   x . .      Faith    .   (no shield)
rNeg    . . .      Spirit   .   B - +3 ring mail
rPois   ∞          Reflect  .   (no helmet)
rElec   .          Harm     .   (no cloak)
rCorr   .          Rampage  .   (no gloves)
Will    +....                   (boots unavailable)
Stlth   ++........              (no amulet)
HPRegen 0.21/turn               f - ring of protection from fire
MPRegen 0.00/turn               i - +4 ring of protection

@: flying
A: sickness immunity, fire resistance 2, cold vulnerability 1, float, innate
caster, HP casting, extra vitality 1
a: Renounce Religion, Minor Destruction


You were on level 9 of the Dungeon.
You worshipped Makhleb.
Makhleb was pleased with you.
You visited 1 branch of the dungeon, and saw 9 of its levels.
You also visited: Sewer and Ossuary.

You collected 281 gold pieces.

Inventory:

Hand Weapons
 a - a +0 sling
 b - a +2 spear of venom
 l - a +0 flail of protection
 m - a +0 war axe
 r - a +2 dagger of venom
 u - a +4 short sword
Missiles
 s - 22 poisoned darts
 t - a curare-tipped dart (quivered)
 M - 5 atropa-tipped darts
Armour
 c - a +0 robe
 g - a +0 buckler
 h - a +0 plate armour
 n - a +0 scale mail
 A - +0 steam dragon scales
 B - a +3 ring mail (worn)
 G - the +8 chain mail of Nuve {rElec rF+ Int-3 SInv}
   (You found it on level 6 of the Dungeon)

   Int:       It affects your intelligence (-3).
   rF:        It protects you from fire.
   rElec:     It insulates you from electricity.
   SInv:      It lets you see invisible.
 S - +1 steam dragon scales
Magical Staves
 e - a staff of fire (weapon)
Jewellery
 f - a ring of protection from fire (left hand)
 i - a +4 ring of protection (right hand)
 k - a +4 ring of slaying
 o - a +6 ring of dexterity
 q - a ring of resist corrosion
Wands
 D - a wand of charming (10)
 K - a wand of polymorph (4)
 R - a wand of light (9)
Scrolls
 d - 4 scrolls of vulnerability
 j - 2 scrolls of fear {unknown}
 p - 2 scrolls of magic mapping {unknown}
 w - 3 scrolls of teleportation {unknown}
 y - a scroll of fog {unknown}
 C - 2 scrolls of immolation {unknown}
 F - 2 scrolls of enchant armour {unknown}
 I - 2 scrolls of summoning {unknown}
 L - a scroll of poison {unknown}
 N - a scroll of amnesia {unknown}
 Q - 2 scrolls of butterflies {unknown}
Potions
 v - 3 potions of heal wounds
 x - 3 potions of curing
 z - a potion of lignification
 E - a potion of brilliance {unknown}
 H - a potion of attraction
 J - 2 potions of haste
 O - a potion of invisibility {unknown}
 P - 2 potions of cancellation {unknown}
 T - a potion of magic {unknown}


   Skills:
 + Level 3.9 Fighting
 - Level 1.5 Ranged Weapons
 + Level 3.5 Armour
 - Level 2.1 Dodging
 + Level 3.2 Stealth
 * Level 9.9 Spellcasting
 + Level 3.6 Invocations


You had 8 spell levels left.
You knew the following spells:

 Your Spells              Type           Power      Damage    Failure   Level
a - Slow                  Hex            100%       N/A       1%          1
d - Frozen Ramparts       Ice            94%        1d11      1%          3
e - Scorch                Fire           100%       2d10      1%          2
f - Conjure Flame         Conj/Fire      63%        6-21      1%          3
i - Inner Flame           Hex/Fire       63%        N/A       1%          3
m - Cause Fear            Hex            23%        N/A       3%          4
q - Shock                 Conj/Air       100%       1d9       1%          1
y - Portal Projectile     Hex/Tloc       94%        N/A       1%          3
Your spell library was empty.

Dungeon Overview and Level Annotations

Branches:
Dungeon (9/15)             Temple (0/1) D:7            Lair (0/5) D:9
  Sewer (visited)         Ossuary (visited)
    Orc: D:9-12

Altars:
Gozag
Makhleb

Annotations:
D:8 1 runed translucent door, bronco's ghost, journeyman BaWr


Innate Abilities, Weirdness & Mutations

You are immune to sickness and miasma.
You are immune to poison.
Your flesh is very heat resistant. (rF++)
You are vulnerable to cold. (rC-)
You float through the air rather than walking.
You learn spells naturally, not from books.
Your magical power is your life essence.
You have superior vitality. (+4 MHP)


Message History

Unknown command.
Casting: Scorch (safe; 1% risk of failure)
Confirm with . or Enter, or press ? or * to list all spells.
You feel a surge of power!
Flames lash the centaur.
The centaur is burned terribly!
You kill the centaur!
Makhleb accepts your kill.
Unknown command.
Casting: Scorch (safe; 1% risk of failure)
Confirm with . or Enter, or press ? or * to list all spells.
Aiming: Inner Flame (safe; 1% risk of failure)
Press: ? - help, Dir - move target, f - orc priest
Aim: an orc priest, wielding a +0 dagger (chance to affect: 96%)
You feel a surge of power!
The orc priest is filled with an inner flame.
Unknown command.
Casting: Inner Flame (safe; 1% risk of failure)
Confirm with . or Enter, or press ? or * to list all spells.
Aiming: Inner Flame (safe; 1% risk of failure)
Press: ? - help, Dir - move target, f - warg
Aim: a warg (chance to affect: 89%)
Okay, then.
An orc wizard comes into view. It is wielding a +0 dagger.
The orc wizard shouts!
The warg bites you but does no damage.
Unknown command.
The warg attacks as you move away! The warg closely misses you.
The warg barely misses you.
Unknown command.
The warg attacks as you move away! The warg bites you but does no damage.
The orc priest mumbles some strange prayers to Beogh against you.
Beogh smites you!
Unknown command.
The orc priest calls down the wrath of Beogh upon you.
Beogh smites you!
The orc priest calls down the wrath of Beogh upon you.
Beogh smites you!
* * * LOW HITPOINT WARNING * * *
The warg bites you!
You die...

#........
#....)...
##########.<.<..(.
#...............(.
#.################
#.# #.# #.# #@#
#h#
########h######
#....)..o§.....#
#.######)#####..
oo§. .o....
........#
.........


You could see 2 wargs, 2 orc priests, an orc wizard and an orc.

Vanquished Creatures
  A cyclops (D:6)
  Maggie (D:8)
  Sigmund (D:3)
  A steam dragon (D:6)
  Grum (D:8)
  A warg (D:9)
  2 orc warriors (D:7)
  A sky beast (D:6)
  A black bear (D:5)
  3 ogres
  3 wolves (D:8)
  2 centaurs
  3 phantoms
  3 kobold brigands
  A scorpion (D:4)
  2 necrophages
  5 wights (D:8)
  9 killer bees (D:8)
  6 centaur zombies (Ossuary)
  A jelly (D:5)
  3 orc priests
  An iguana (D:7)
  5 orc wizards
  5 mummies (Ossuary)
  3 adders
  7 gnolls
  A shadow imp (D:6)
  2 dart slugs
  23 orcs
  4 bats (D:1)
  An endoplasm (D:1)
  A giant cockroach (D:1)
  4 goblins
  2 hobgoblins
  7 jackals
  17 kobolds
  2 quokkas
  4 ball pythons
  3 frilled lizards
  2 hobgoblin zombies (Ossuary)
  14 rats
159 creatures vanquished.

Vanquished Creatures (others)
  A plant (D:9)
  2 withered plants (D:8)
3 creatures vanquished.

Grand Total: 162 creatures vanquished

Notes
Turn   | Place    | Note
-------+----------+-------------------------------------------
     0 | D:1      | Spectrina the Djinni Arcane Marksman began the quest for
                  | the Orb.
     0 | D:1      | Spectrina set off with the following spells memorised:
                  | Slow, Inner Flame, Portal Projectile, Cause Fear.
     0 | D:1      | Reached XP level 1. HP: 17/17 MP: 0/0
    43 | D:1      | Reached XP level 2. HP: 17/22 MP: 0/0
   136 | D:2      | Reached skill level 3 in Spellcasting
   174 | D:2      | HP: 1/22 [adder (2)]
   191 | D:2      | Reached XP level 3. HP: 26/27 MP: 0/0
   191 | D:2      | Learned a level 1 spell: Shock
   317 | D:3      | Noticed Sigmund
   330 | D:3      | Killed Sigmund
   331 | D:3      | Reached skill level 4 in Spellcasting
   331 | D:3      | Reached XP level 4. HP: 8/32 MP: 0/0
   331 | D:3      | Reached XP level 5. HP: 10/37 MP: 0/0
   331 | D:3      | Learned a level 2 spell: Scorch
   331 | D:3      | Reached XP level 6. HP: 11/42 MP: 0/0
   406 | D:1      | Reached skill level 5 in Spellcasting
   957 | D:4      | Reached XP level 7. HP: 29/47 MP: 0/0
   957 | D:4      | Learned a level 3 spell: Conjure Flame
   990 | D:4      | Found a glowing drain.
   999 | Sewer    | Entered a sewer
  1069 | Sewer    | Reached skill level 6 in Spellcasting
  1119 | Sewer    | Found a white marble altar of Elyvilon.
  1130 | Sewer    | Upgraded the game from 0.29-a0-872-g797fff5ad1 to
                  | 0.29-a0-878-g7b45a56547
  1176 | D:5      | Entered Level 5 of the Dungeon
  1193 | D:4      | Found an opulent altar of Gozag.
  1351 | D:6      | Noticed a cyclops
  1358 | D:6      | Killed a cyclops
  1359 | D:6      | Reached skill level 7 in Spellcasting
  1359 | D:6      | Reached XP level 8. HP: 26/52 MP: 0/0
  1497 | D:6      | Reached skill level 8 in Spellcasting
  1596 | D:6      | Found a burning altar of Makhleb.
  1628 | D:5      | Reached XP level 9. HP: 23/57 MP: 0/0
  1628 | D:5      | Learned a level 3 spell: Frozen Ramparts
  1859 | D:6      | Became a worshipper of Makhleb the Destroyer
  1878 | D:6      | Identified the +8 chain mail of Nuve {rElec rF+ Int-3 SInv}
  2015 | D:6      | Reached skill level 9 in Spellcasting
  2022 | D:6      | Reached skill level 1 in Armour
  2022 | D:6      | Reached skill level 1 in Invocations
  2086 | D:7      | Upgraded the game from 0.29-a0-878-g7b45a56547 to
                  | 0.29-a0-885-gb26ba3297d
  2135 | D:7      | Reached skill level 1 in Stealth
  2286 | D:7      | Found a staircase to the Ecumenical Temple.
  2335 | D:8      | Noticed Maggie
  2343 | D:8      | Killed Maggie
  2344 | D:8      | Reached * piety under Makhleb
  2346 | D:8      | Found a runed translucent door.
  2346 | D:8      | Noticed bronco's ghost (journeyman BaWr)
  2402 | D:7      | Reached XP level 10. HP: 29/65 MP: 0/0
  2546 | D:8      | Noticed Grum
  2553 | D:8      | Killed Grum
  2737 | D:8      | Found a sand-covered staircase.
  2741 | Ossuary  | Entered an ossuary
  3148 | D:9      | Reached ** piety under Makhleb
  3189 | D:9      | Found a staircase to the Lair.
  3200 | D:9      | Slain by a warg

Illustrated notes

Levels and vault maps discovered:
D:1:      amcnicky_arrival_blooded_trapdoor, layout_loops_cross
D:2:      layout_rooms, basic_ecumenical_altar, lemuel_another_geyser
D:3:      layout_loops_ring, grunt_ministairs_2, uniq_sigmund
D:4:      layout_cave_pods, nicolae_gozag_seed_capital,
          lemuel_zombie_altar_yredelemnul, portal_sewer_entry_d, uniq_pikel,
          uniq_duvessa, uniq_blork_the_orc
D:5:      layout_rooms
D:6:      layout_basic, kennysheep_mini, minmay_misc_feat_rugged, uniq_eustachio
D:7:      layout_loops_corners, minmay_temple_entry_stoned_glass
D:8:      layout_layer_cave, nicolae_sif_muna_little_library,
          gammafunk_ghost_grave, enter_ossuary_5, uniq_grum, uniq_maggie
D:9:      layout_basic, mainiacjoe_overflow_24_doors, jmf_multi_god_temple2,
          erik_lair_orcish_takeover

Skill      XL: |  1  2  3  4  5  6  7  8  9 10 |
---------------+-------------------------------+-----
Spellcasting   | 3 4 5 7 8 9 |  9.9
Armour         | 2 3 |  3.5
Invocations    | 2 3 |  3.6
Stealth        | 2 3 |  3.2
Fighting       | 2 3 |  3.9
Ranged Weapons | |  1.5
Dodging        | |  2.1

Action                   |  1- 3 |  4- 6 |  7- 9 | 10-12 || total
-------------------------+-------+-------+-------+-------++-------
Melee: War axe           |    41 |    16 |       |       ||    57
       Spear             |       |    15 |    15 |     4 ||    34
       Punch             |       |       |     1 |       ||     1
       Flail             |       |       |       |     6 ||     6
 Fire: Sling             |    31 |    45 |    44 |     7 ||   127
 Cast: Shock             |     7 |       |    13 |     9 ||    29
       Slow              |     2 |     5 |     6 |       ||    13
       Scorch            |       |     6 |    30 |    32 ||    68
       Conjure Flame     |       |       |     5 |     4 ||     9
       Inner Flame       |       |       |    30 |    12 ||    42
       Cause Fear        |       |       |     1 |       ||     1
  Use: Potion            |     2 |       |       |     1 ||     3
       Scroll            |     1 |       |     3 |       ||     4
 Stab: Sleeping          |     1 |       |       |       ||     1
Armor: Robe              |    11 |    17 |     5 |       ||    33
       Ring mail         |       |       |     8 |    75 ||    83
Dodge: Dodged            |    52 |    23 |    21 |    71 ||   167

Table legend: (Time is in decaauts)
 A = Elapsed time spent in this place.
 B = Non-inter-level travel time spent in this place.
 C = Inter-level travel time spent in this place.
 D = Time resting spent in this place.
 E = Time spent auto-exploring this place.
 F = Levels seen in this place.
 G = Mean time per level.
                   A        B        C        D        E       F      G
               +--------+--------+--------+--------+--------+-----+--------+
         Total |   3246 |   3086 |    160 |      0 |      0 |  11 |  295.1 |
       Dungeon |   2912 |   2752 |    160 |      0 |      0 |   9 |  323.6 |
         Sewer |    162 |    162 |      0 |      0 |      0 |   1 |  162.0 |
       Ossuary |    171 |    171 |      0 |      0 |      0 |   1 |  171.0 |
               +--------+--------+--------+--------+--------+-----+--------+

Top non-repeatable levels by time:
     D:6: 554 daAuts
     D:8: 483 daAuts
     D:7: 423 daAuts
     D:1: 387 daAuts
     D:3: 309 daAuts
     D:2: 276 daAuts
     D:5: 268 daAuts
 Ossuary: 171 daAuts
     D:4: 169 daAuts
   Sewer: 162 daAuts
     D:9: 40 daAuts
